 Dungeon Crawl Stone Soup version 0.31.0-11-ge490571c62 (webtiles) character file.

Game seed: 1900481111817479395

730 qw the Skirmisher (level 7, 0/39 (40) HPs)
             Began as a Deep Elf Hunter on Feb 3, 2024.
             Was an Initiate of Okawaru.
             Slain by a wight
             ... wielding a +0 halberd
              (1 damage)
             ... on level 5 of the Dungeon.
             The game lasted 00:00:17 (3519 turns).

qw the Skirmisher (Deep Elf Hunter)                 Turns: 3519, Time: 00:00:18

HP:   0/39 (40)     AC:  9    Str: 10    XL:     7   Next: 44%
MP:   9/9           EV: 12    Int: 14    God:    Okawaru [......]
Gold: 117           SH:  0    Dex: 18    Spells: 6/6 levels left

rFire   . . .        n - +0 longbow
rCold   . . .        (shield currently unavailable)
rNeg    . . .        p - +0 ring mail
rPois   .            g - +1 helmet
rElec   .            d - +0 cloak
rCorr   .            (no gloves)
SInv    .            m - +0 pair of boots
Will    .....        f - amulet of faith
Stlth   +            (no ring)
HPRegen 0.26/turn    (no ring)
MPRegen 0.11/turn

%: faith
@: lightly drained
A: no striking features
a: Renounce Religion


You were on level 5 of the Dungeon.
You worshipped Okawaru.
Okawaru was noncommittal.
You visited 2 branches of the dungeon, and saw 6 of its levels.

You collected 189 gold pieces.
You spent 72 gold pieces at shops.


   Skills:
 - Level 2.0 Fighting
 + Level 11.1 Ranged Weapons
 - Level 1.0 Armour
 - Level 3.9 Dodging
 - Level 1.2 Stealth


You had 6 spell levels left.
You didn't know any spells.
Your spell library was empty.

Inventory:

Hand Weapons
 n - a +0 longbow (weapon)
Armour
 d - a +0 cloak (worn)
 g - a +1 helmet (worn)
 m - a +0 pair of boots (worn)
 p - a +0 ring mail (worn)
Jewellery
 b - an amulet of guardian spirit
 f - an amulet of faith (around neck)
Wands
 c - a wand of iceblast (12)
Potions
 a - a potion of enlightenment {unknown}
 e - a potion of might
 i - 7 potions of curing

Dungeon Overview and Level Annotations

Branches:
Dungeon (5/15)             Temple (1/1) D:5

Altars:
Ashenzari
Cheibriados
Dithmenos
Elyvilon
Fedhas
Gozag
Hepliaklqana
Kikubaaqudgha
Nemelex Xobeh
Okawaru
Qazlal
Ru
Trog
Uskayaw
Vehumet
Xom
Yredelemnul
Zin
The Shining One

Shops:
D:2 !

Annotations:
D:4 2 transporters, qw's ghost, amateur SpHu


Message History

You shoot an arrow. The arrow hits the wight!
The wight is severely damaged.
A wight comes into view. It is wielding a +3 falchion.
You shoot an arrow. The arrow barely misses the wight.
You shoot an arrow. The arrow closely misses the wight.
The arrow hits the wight!
The wight is severely damaged.
A wight comes into view. It is wielding a +0 halberd.
Enter note:
Enter note: You shoot an arrow.
The arrow closely misses the wight. x2
You shoot an arrow.
The arrow hits the wight but does no damage.
The wight is severely damaged.
The wight hits you with a +0 mace.
You shoot an arrow. The arrow hits the wight!
You destroy the wight!
Okawaru accepts your kill.
You shoot an arrow. The arrow closely misses the wight.
The arrow hits the wight!
The wight is severely damaged.
A wight comes into view. It is wielding a +0 great sword.
You shoot an arrow. The arrow barely misses the wight.
The wight hits you with a +3 falchion!
You feel drained. The wight barely misses you.
The wight hits you from afar with a +0 halberd.
You feel drained. The wight hits you with a +3 falchion.
You shoot an arrow. The arrow hits the wight.
The wight is severely damaged.
The wight hits you with a +3 falchion! The wight closely misses you.
You shoot an arrow. The arrow hits the wight!
You destroy the wight!
Okawaru accepts your kill.
The wight hits you from afar with a +0 halberd!
You feel drained.
Your Ranged Weapons skill increases to level 11!
You shoot an arrow. The arrow closely misses the wight.
The wight hits you but does no damage.
The wight hits you from afar with a +0 halberd.
You die...

#7.7 #'# . #.. .#.##
### ...... ##..#.
......###
........##+#####
.....zz@.......########
#####..)..............#
#...........#.#...#
#..........#.#.#..#
#.........#.#.#.#.#
##.........#.>.#..#
#####++..#.#.#.#.#
########...#.#.#..##
............#.#.....


You could see 2 wights.

Vanquished Creatures
  A water moccasin (D:5)
  2 ogres (D:4)
  A centaur (D:5)
  A scorpion (D:5)
  2 wights (D:5)
  A hound (D:4)
  Ijyb (D:5)
  An orc wizard (D:3)
  Robin (D:4)
  3 adders
  3 ribbon worms
  4 dart slugs
  3 orcs (D:3)
  6 endoplasms
  4 giant cockroaches
  14 goblins
  6 hobgoblins
  12 jackals
  3 kobolds
  3 quokkas
  11 ball pythons
  3 bats
  2 frilled lizards (D:2)
  7 rats
95 creatures vanquished.

Notes
Turn   | Place    | Note
-------+----------+-------------------------------------------
     0 | D:1      | qw the Deep Elf Hunter began the quest for the Orb.
     0 | D:1      | Reached XP level 1. HP: 12/12 MP: 3/3
     0 | D:1      | 0 ||| qw: Version: 0.3-a-157-g843a77d
     0 | D:1      | 0 ||| qw: Game counter: 3669
     0 | D:1      | 0 ||| qw: Melee chars always use a shield: true
     0 | D:1      | 0 ||| qw: God list: Okawaru
     0 | D:1      | 0 ||| qw: Allow faded altars: false
     0 | D:1      | 0 ||| qw: Do Orc after clearing Dungeon:15 true
     0 | D:1      | 0 ||| qw: Do second Lair branch before Depths: true
     0 | D:1      | 0 ||| qw: Lair rune preference: random
     0 | D:1      | 0 ||| qw: Goals: Normal
     0 | D:1      | 0 ||| PLANNING D:1-11
   278 | D:1      | Reached skill level 6 in Ranged Weapons
   278 | D:1      | Reached XP level 2. HP: 16/16 MP: 4/4
   617 | D:1      | 617 ||| UPGRADING to +0 cloak.
   622 | D:1      | 622 ||| UPGRADING to +0 helmet.
   627 | D:1      | 627 ||| READING 3 scrolls labelled HYSOAH SAAN.
   628 | D:1      | 628 ||| READING scroll labelled MEACEY IRCHOKOM.
   629 | D:1      | 629 ||| READING scroll labelled RURCHA YFINET.
   629 | D:1      | 629 ||| IDENTIFYING smoky emerald potion
   630 | D:1      | 630 ||| DROPPING scroll of butterflies.
   631 | D:1      | 631 ||| DROPPING 2 scrolls of fog.
   638 | D:2      | Found Asiululo's Distillery.
   643 | D:2      | 643 ||| BUYING potion of curing (36 gold).
   643 | D:2      | Bought a potion of curing for 36 gold pieces
   643 | D:2      | 643 ||| BUYING potion of curing (36 gold).
   643 | D:2      | Bought a potion of curing for 36 gold pieces
   643 | D:2      | 643 ||| SHOPLISTING potion of curing (36 gold, have 4).
   643 | D:2      | 643 ||| SHOPLISTING potion of heal wounds (60 gold, have
                  | 4).
   688 | D:2      | Reached XP level 3. HP: 20/20 MP: 5/5
   830 | D:2      | Reached skill level 7 in Ranged Weapons
  1181 | D:2      | 1181 ||| UPGRADING to amulet of guardian spirit.
  1186 | D:2      | 1186 ||| UPGRADING to amulet of faith.
  1196 | D:2      | 1196 ||| READING scroll labelled YCVEUXTUPH.
  1196 | D:2      | 1196 ||| BRANDING +0 shortbow.
  1197 | D:2      | 1197 ||| READING scroll labelled NOONNYZ SIRI.
  1361 | D:3      | Reached XP level 4. HP: 25/25 MP: 6/6
  1414 | D:3      | 1414 ||| FLEEEEING.
  1415 | D:3      | 1415 ||| FLEEEEING.
  1416 | D:3      | 1416 ||| FLEEEEING.
  1417 | D:3      | 1417 ||| FLEEEEING.
  1418 | D:3      | 1418 ||| FLEEEEING.
  1419 | D:3      | 1419 ||| FLEEEEING.
  1420 | D:3      | 1420 ||| FLEEEEING.
  1426 | D:3      | 1426 ||| DRINKING 6 potions of curing.
  1426 | D:3      | 1426 ||| (to cure confusion)
  1574 | D:3      | Reached skill level 8 in Ranged Weapons
  1585 | D:3      | 1585 ||| SWAPPING to +0 longbow.
  1586 | D:3      | 1586 ||| DROPPING +0 shortbow of draining.
  1954 | D:3      | 1954 ||| UPGRADING to +0 scale mail.
  1964 | D:3      | 1964 ||| DROPPING +0 leather armour.
  1965 | D:3      | 1965 ||| UPGRADING to +0 pair of boots.
  1970 | D:3      | 1970 ||| UPGRADING to +0 ring mail.
  1980 | D:3      | 1980 ||| DROPPING +0 scale mail.
  1981 | D:3      | 1981 ||| READING 2 scrolls of identify.
  1981 | D:3      | 1981 ||| IDENTIFYING amethyst potion
  1982 | D:3      | 1982 ||| READING scroll of identify.
  1982 | D:3      | 1982 ||| IDENTIFYING scroll labelled XOUSEM OSSU
  1983 | D:3      | 1983 ||| READING scroll of enchant armour.
  1983 | D:3      | 1983 ||| ENCHANTING +0 helmet.
  1984 | D:3      | 1984 ||| READING scroll labelled EDOKOI BUGEA.
  1985 | D:3      | 1985 ||| READING scroll labelled UTIRAH EBRE.
  1987 | D:3      | 1987 ||| Stepping ~*~*~tactically~*~*~ (cloud).
  2096 | D:4      | 2096 ||| FLEEEEING.
  2097 | D:4      | 2097 ||| FLEEEEING.
  2098 | D:4      | 2098 ||| FLEEEEING.
  2099 | D:4      | 2099 ||| STAIRDANCE
  2113 | D:4      | Noticed Robin
  2122 | D:4      | Killed Robin
  2123 | D:4      | Reached XP level 5. HP: 29/29 MP: 7/7
  2132 | D:4      | HP: 6/29 [goblin/+0 dagger[Robin] (2)]
  2137 | D:4      | Reached skill level 1 in Armour
  2139 | D:4      | HP: 5/29 [hobgoblin[Robin] (1)]
  2249 | D:4      | Noticed qw's ghost (amateur SpHu)
  2255 | D:4      | Found a transporter.
  2260 | D:4      | Found a transporter.
  2293 | D:4      | Noticed an ogre
  2294 | D:4      | 2294 ||| DRINKING potion of haste.
  2300 | D:4      | Killed an ogre
  2301 | D:4      | Reached skill level 9 in Ranged Weapons
  2407 | D:4      | Reached XP level 6. HP: 22/35 MP: 8/8
  2920 | D:5      | Entered Level 5 of the Dungeon
  2923 | D:5      | 2923 ||| STAIRDANCE
  2999 | D:5      | 2999 ||| STAIRDANCE
  3077 | D:5      | 3077 ||| STAIRDANCE
  3110 | D:5      | Reached skill level 10 in Ranged Weapons
  3231 | D:5      | Found a hazy altar of Hepliaklqana.
  3261 | D:5      | Noticed a water moccasin
  3265 | D:5      | Killed a water moccasin
  3266 | D:5      | Reached skill level 3 in Dodging
  3266 | D:5      | Reached XP level 7. HP: 29/40 MP: 9/9
  3379 | D:5      | Found a staircase to the Ecumenical Temple.
  3380 | D:5      | 3380 ||| PLANNING TEMPLE
  3381 | D:5      | Noticed Ijyb
  3386 | D:5      | Killed Ijyb
  3393 | Temple   | Entered the Ecumenical Temple
  3394 | Temple   | 3394 ||| PLANNING OKAWARU WORSHIP
  3403 | Temple   | Became a worshipper of Warmaster Okawaru
  3404 | Temple   | 3404 ||| PLANNING D:1-11
  3518 | D:5      | HP: 3/38 [wight/+0 halberd (7)]
  3518 | D:5      | HP: 1/37 [wight/+0 halberd (2)]
  3519 | D:5      | Reached skill level 11 in Ranged Weapons
  3519 | D:5      | Slain by a wight

Levels and vault maps discovered:
D:1:      amcnicky_arrival_blooded_trapdoor, layout_loops_ring
D:2:      layout_basic, serial_shops, shop
D:3:      layout_basic, st_stairs_3
D:4:      layout_basic, gammafunk_ghost_arena, uniq_robin
D:5:      layout_basic, worldfamousw_hep_ancestral_shrine,
          minmay_temple_entry_grid, uniq_ijyb
Temple:   dpeg_three_leaves_temple

Skill      XL: |  1  2  3  4  5  6  7 |
---------------+----------------------+-----
Ranged Weapons | 6 7 8 9 10 11 | 11.1
Armour         | 1 |  1.0
Fighting       | 2 |  2.0
Dodging        | 3 |  3.9
Stealth        | |  1.2

Action                     |  1- 3 |  4- 6 |  7- 9 || total
---------------------------+-------+-------+-------++-------
   Fire: Shortbow          |   111 |    29 |       ||   140
         Longbow           |       |    77 |    23 ||   100
    Use: Scroll            |     5 |     5 |       ||    10
         Potion            |       |     2 |       ||     2
 Armour: Leather armour    |    20 |     4 |       ||    24
         Ring mail         |       |    63 |     9 ||    72
  Dodge: Dodged            |    17 |    53 |     4 ||    74

Table legend:
 A = Non-vault XP
 B = Vault XP
 C = Vault XP percentage of total XP
 D = Non-vault monster count
 E = Vault monster count
 F = Vault count percentage of total count
                 A         B        C        D         E       F
            +---------+---------+-------+---------+---------+-------
      Total |     967 |      77 |   7.4 |      80 |      15 |  15.8
            +---------+---------+-------+---------+---------+-------
        D:1 |      35 |       0 |   0.0 |      18 |       0 |   0.0
        D:2 |      60 |       0 |   0.0 |      25 |       0 |   0.0
        D:3 |      76 |       6 |   7.3 |      21 |       3 |  12.5
        D:4 |     309 |      35 |  10.2 |      10 |      11 |  52.4
        D:5 |     487 |      36 |   6.9 |       6 |       1 |  14.3
            +---------+---------+-------+---------+---------+-------
